 Dungeon Crawl Stone Soup version 0.22-a0-93-g6b88ebb18f (webtiles) character file.

22172 GordonOverkill the Spear-Bearer (level 12, 0/101 HPs)
             Began as a Grey Draconian Air Elementalist on Jan 24, 2018.
             Was a Believer of Ru.
             Engulfed by an ice statue's freezing vapour (7 damage)
             ... in an ice cave.
             The game lasted 00:42:43 (21645 turns).

GordonOverkill the Spear-Bearer (DrAE)             Turns: 21645, Time: 00:42:43

Health: 0/101      AC: 19    Str: 13    XL:     12   Next: 60%
Magic:  19/19      EV: 18    Int: 24    God:    Ru [**....]
Gold:   565        SH:  0    Dex: 15    Spells: 11/21 levels left

rFire    + . .     SeeInvis .   g - +4 trident "Xoaruoz" {venom, rElec Int+6}
rCold    . . .     Gourm    +   (no shield)
rNeg     . . .     Faith    .   (armour unavailable)
rPois    .         Spirit   .   C - +2 hat
rElec    +         Reflect  .   (no cloak)
rCorr    .         Harm     .   F - +0 pair of gloves
MR       .....                  o - +2 pair of boots
Stlth    ++........             L - amulet of the gourmand
HPRegen  0.26/turn              A - +3 ring of dexterity
MPRegen  0.16/turn              j - ring of protection from fire

@: hasted and slowed
A: walk through water, unfitting armour, unbreathing, cold-blooded, no hexes
magic, no ice magic, no translocations magic, magic vulnerability 1, AC +13
a: Renounce Religion


You were in an ice cave.
You worshipped Ru.
Ru was pleased with you.
You were completely stuffed.

You visited 2 branches of the dungeon, and saw 14 of its levels.
You also visited: Ice Cave.

You collected 775 gold pieces.
You spent 210 gold pieces at shops.

Inventory:

Hand Weapons
 g - the +4 trident "Xoaruoz" (weapon) {venom, rElec Int+6}
   (You found it on level 4 of the Dungeon)

   It poisons the flesh of those it strikes.
   It affects your intelligence (+6).
   It insulates you from electricity.
 l - the +1 falchion "Jivedi" {elec, rN++}
   (You found it on level 4 of the Dungeon)

   Occasionally, upon striking a foe, it will discharge some electrical energy
   and cause terrible harm.
   It greatly protects you from negative energy.
Missiles
 G - 2 throwing nets (quivered)
Armour
 o - a +2 pair of boots (worn)
 w - a +0 shield
 C - a +2 hat (worn)
 F - a +0 pair of gloves (worn)
Jewellery
 c - an uncursed ring of positive energy
 j - a ring of protection from fire (right hand)
 A - a +3 ring of dexterity (left hand)
 L - an amulet of the gourmand (around neck)
 O - an uncursed ring of positive energy
Wands
 B - a wand of random effects (47)
 D - a wand of iceblast (27)
 E - a wand of enslavement (12)
 H - a wand of digging (4)
 K - a wand of acid (10)
 P - a wand of disintegration (18)
Scrolls
 m - 3 scrolls of teleportation
 n - 4 scrolls of blinking
 q - a scroll of enchant weapon
 r - 4 scrolls of remove curse
 v - 2 scrolls of fog
 y - 2 scrolls of amnesia
 z - 2 scrolls of magic mapping
 M - a scroll of holy word
Potions
 d - 2 potions of lignification
 f - 4 potions of invisibility
 i - 6 potions of curing
 k - 4 potions of agility
 p - 2 potions of brilliance {unknown}
 u - 2 potions of mutation
 x - a potion of heal wounds {unknown}
 I - a potion of resistance {unknown}
 J - a potion of flight {unknown}
 N - a potion of might {unknown}
Books
 a - a book of Air

   Spells                             Type                      Level
   a - Shock                          Conjuration/Air              1
   b - Swiftness                      Charms/Air                   2
   c - Static Discharge               Conjuration/Air              3
   d - Airstrike                      Air                          4
   e - Lightning Bolt                 Conjuration/Air              5
Comestibles
 b - 21 rations


   Skills:
 + Level 8.1 Fighting
 - Level 14.0 Polearms
 - Level 9.0 Dodging
 - Level 1.7 Stealth
 - Level 5.0 Spellcasting
 - Level 7.0 Conjurations
 - Level 5.0 Air Magic


You had 11 spell levels left.
You knew the following spells:

 Your Spells              Type           Power        Failure   Level  Hunger
a - Shock                 Conj/Air       ####         1%          1    None
b - Airstrike             Air            ####......   11%         4    ####...
c - Lightning Bolt        Conj/Air       ####......   21%         5    #####..


Dungeon Overview and Level Annotations

Branches:
Dungeon (13/15)            Temple (1/1) D:7            Lair (0/6) D:10
    Orc (0/2) D:11
 Vaults: D:13-14

Altars:
Ashenzari
Cheibriados
Dithmenos
Elyvilon
Fedhas
Gozag
Hepliaklqana
Kikubaaqudgha
Makhleb
Nemelex Xobeh
Okawaru
Qazlal
Ru
Sif Muna
Trog
Uskayaw
Vehumet
Wu Jian
Xom
Yredelemnul
Zin
The Shining One

Shops:
D:6 =   D:7 =   D:9 [

Portals:
Trove: D:12 (give +3 shadow dragon scales)

Annotations:
IceCv exclusion: ice statue


Innate Abilities, Weirdness & Mutations

You can walk through water.
Your dull iron-grey scales are very hard. (AC +13)
You cannot fit into any form of body armour.
You can survive without breathing.
You are cold-blooded and may be slowed by cold attacks.
You cannot study or cast Hexes magic.
You cannot study or cast Ice magic.
You cannot study or cast Translocations magic.
You are slightly vulnerable to magic. (MR-)


Message History

You tail-slap the ice statue, but do no damage.
The ice statue is severely damaged.
You hit the ice statue but do no damage.
The ice statue is severely damaged.
The ice beast barely misses you. The ice beast closely misses you.
You hit the ice statue but do no damage.
The ice statue is severely damaged.
The ice beast barely misses you. The ice statue gestures at you.
The freezing blast engulfs you!
* * * LOW HITPOINT WARNING * * *
You hit the ice statue but do no damage.
The ice statue is severely damaged.
You are engulfed in freezing vapours.
You feel yourself slow down.
* * * LOW HITPOINT WARNING * * *
The ice beast barely misses you. The ice beast completely misses you.
You hit the ice statue.
The ice statue is almost destroyed.
You are engulfed in freezing vapours.
You die...

##########
###...##...######
###...##§§.##...#..
###§YY§##########..#
#..8@§## #..###
#...§Y## ###..#
####..§ ###. ##...
## ###.. ##. ##


You could see an ice statue and 3 ice beasts.

Vanquished Creatures
  A hydra (D:12)
  4 two-headed ogres
  An orc high priest (D:10)
  An unseen horror (D:12)
  A wolf spider zombie (D:12)
  2 manticores
  2 rime drakes (D:13)
  A queen bee (D:8)
  A troll (D:10)
  9 polar bears (IceCv)
  6 slime creatures
  A wyvern (D:10)
  12 yaks (IceCv)
  4 wraiths (D:11)
  2 porcupines (D:10)
  An eye of draining (D:10)
  9 orc warriors
  3 sky beasts
  2 ice beasts
  7 phantoms
  3 black bears
  16 wolves (IceCv)
  7 centaurs
  5 ogres
  A big kobold (D:12)
  4 bullfrogs
  4 scorpions
  A water moccasin skeleton (D:11)
  21 killer bees
  10 wights
  5 howler monkeys
  10 crimson imps
  5 bullfrog zombies
  4 centaur zombies
  2 quasits (D:11)
  9 orc priests
  4 jellies
  5 bullfrog skeletons
  3 hounds
  4 centaur skeletons
  5 iguanas
  14 orc wizards
  10 worker ants
  A hound skeleton (D:5)
  The ghost of comborobin the Sneak, a weakling SpAs of Ashenzari (D:5)
  2 worker ant zombies
  Robin (D:3)
  5 gnolls
  12 adders
  3 shadow imps
  An ooze (D:6)
  2 adder skeletons
  4 worms
  A dart slug (D:2)
  5 leopard geckos
  57 orcs
  6 bats
  6 giant cockroaches
  18 hobgoblins
  7 jackals
  3 quokkas
  A ball python (D:7)
  4 frilled lizards
  22 goblins
  15 kobolds
  12 rats
411 creatures vanquished.

Vanquished Creatures (others)
  A slime creature (D:11)
  5 dream sheep (D:5)
  6 fungi (D:10)
  3 plants (D:10)
15 creatures vanquished.

Grand Total: 426 creatures vanquished

Notes
Turn   | Place    | Note
-------+----------+-------------------------------------------
     0 | D:1      | GordonOverkill the Draconian Air Elementalist began the quest for the Orb.
     0 | D:1      | Reached XP level 1. HP: 14/14 MP: 3/3
   368 | D:1      | Reached XP level 2. HP: 20/20 MP: 0/5
  1306 | D:2      | Reached XP level 3. HP: 21/26 MP: 0/6
  1571 | D:2      | Found a stormy altar of Qazlal.
  2087 | D:2      | Found a shattered altar of Ashenzari.
  2209 | D:2      | Reached XP level 4. HP: 32/33 MP: 5/7
  3045 | D:3      | Noticed Robin
  3184 | D:3      | Killed Robin
  3184 | D:3      | Reached XP level 5. HP: 38/38 MP: 1/9
  3381 | D:3      | You fall through a shaft for 2 floors!
  3381 | D:5      | Entered Level 5 of the Dungeon
  3381 | D:5      | Noticed a centaur
  3381 | D:5      | Noticed a phantom
  3381 | D:5      | Noticed a phantom
  3381 | D:5      | Noticed a centaur
  3395 | D:5      | Found an ancient bone altar of Kikubaaqudgha.
  3998 | D:3      | Learned a level 4 spell: Airstrike
  4004 | D:3      | Learned a level 5 spell: Lightning Bolt
  4422 | D:4      | Reached XP level 6. HP: 35/45 MP: 1/10
  5170 | D:4      | Found a white marble altar of Elyvilon.
  5315 | D:4      | Got a crude falchion
  5317 | D:4      | Identified the +1 falchion "Jivedi" {elec, rN++} (You found it on level 4 of the Dungeon)
  5390 | D:4      | Got a steaming trident
  5411 | D:4      | Identified the +4 trident "Xoaruoz" {venom, rElec Int+6} (You found it on level 4 of the Dungeon)
  5532 | D:4      | Found an opulent altar of Gozag.
  5767 | D:4      | Found an ornate altar of the Wu Jian Council.
  5918 | D:5      | Noticed comborobin's ghost (weakling SpAs)
  5923 | D:5      | Killed comborobin's ghost
  5923 | D:5      | Reached skill level 5 in Conjurations
  6072 | D:5      | Your scales start taking on a dull iron-grey colour.
  6072 | D:5      | Reached XP level 7. HP: 30/50 MP: 2/12
  6072 | D:5      | Gained mutation: You can survive without breathing. [Grey Draconian growth]
  7020 | D:5      | Reached XP level 8. HP: 37/57 MP: 7/14
  7651 | D:5      | Found a shimmering altar of Xom.
  7809 | D:5      | Reached skill level 5 in Spellcasting
  7824 | D:5      | Reached skill level 5 in Air Magic
  7858 | D:5      | Reached skill level 1 in Fighting
  7858 | D:5      | Reached skill level 1 in Polearms
  8097 | D:5      | Found a shimmering altar of Xom.
  8097 | D:5      | Noticed a dream sheep
  8097 | D:5      | Noticed a dream sheep
  8097 | D:5      | Noticed a dream sheep
  8097 | D:5      | Noticed a dream sheep
  8097 | D:5      | Noticed a dream sheep
  8103 | D:5      | Killed a dream sheep
  8103 | D:5      | Killed a dream sheep
  8103 | D:5      | Killed a dream sheep
  8103 | D:5      | Killed a dream sheep
  8103 | D:5      | Killed a dream sheep
  8148 | D:5      | Reached skill level 2 in Polearms
  8621 | D:6      | Found Ebrujeb's Jewellery Emporium.
  8711 | D:6      | Reached skill level 3 in Polearms
  9704 | D:7      | Found Net Nost's Jewellery Boutique.
 10036 | D:7      | Reached skill level 4 in Polearms
 10104 | D:7      | Found a staircase to the Ecumenical Temple.
 10112 | Temple   | Entered the Ecumenical Temple
 10165 | Temple   | Became a worshipper of Ru the Awakened
 10372 | D:7      | Found a basalt altar of Yredelemnul.
 10459 | D:7      | Reached XP level 9. HP: 68/70 MP: 9/16
 10562 | D:7      | Reached skill level 5 in Polearms
 10836 | D:7      | Found a glowing golden altar of the Shining One.
 10839 | D:7      | Found an iron altar of Okawaru.
 10842 | D:7      | Found a blossoming altar of Fedhas.
 10845 | D:7      | Found a sparkling altar of Nemelex Xobeh.
 11219 | D:8      | Reached skill level 6 in Polearms
 11706 | D:8      | Reached skill level 5 in Fighting
 11820 | D:8      | Noticed a two-headed ogre
 11840 | D:8      | Killed a two-headed ogre
 11840 | D:8      | Reached skill level 8 in Polearms
 12126 | D:7      | Reached skill level 9 in Polearms
 12135 | D:7      | Reached XP level 10. HP: 32/81 MP: 14/17
 13439 | D:8      | Reached skill level 10 in Polearms
 13648 | D:8      | Gained mutation: You cannot study or cast Ice magic. [Ru sacrifice]
 13648 | D:8      | Gained mutation: You cannot study or cast Hexes magic. [Ru sacrifice]
 13648 | D:8      | Gained mutation: You cannot study or cast Translocations magic. [Ru sacrifice]
 13648 | D:8      | Reached * piety under Ru
 14183 | D:9      | Found Zygum's Antique Armour Boutique.
 14186 | D:9      | Bought an embroidered hat for 210 gold pieces
 14611 | D:9      | Noticed a manticore
 14623 | D:9      | Killed a manticore
 14623 | D:9      | Reached skill level 11 in Polearms
 15109 | D:10     | Entered Level 10 of the Dungeon
 15472 | D:10     | Reached skill level 12 in Polearms
 15865 | D:10     | Reached XP level 11. HP: 86/86 MP: 18/18
 15976 | D:10     | Found a staircase to the Lair.
 16100 | D:10     | Noticed an orc high priest
 16116 | D:10     | Killed an orc high priest
 16586 | D:10     | Gained mutation: You are slightly vulnerable to magic. (MR-) [Ru sacrifice]
 16586 | D:10     | Reached ** piety under Ru
 16608 | D:10     | Reached skill level 13 in Polearms
 17207 | D:11     | Noticed a two-headed ogre
 17223 | D:11     | Killed a two-headed ogre
 17555 | D:11     | Reached skill level 14 in Polearms
 17649 | D:11     | Found the +5 scythe "Finisher" {speed, Str+3}
 17987 | D:11     | Found a staircase to the Orcish Mines.
 18113 | D:12     | Noticed a two-headed ogre
 18136 | D:12     | Killed a two-headed ogre
 18168 | D:11     | Reached skill level 5 in Dodging
 18526 | D:12     | Killed an unseen horror
 18929 | D:12     | Noticed a seven-headed hydra
 18949 | D:12     | Killed a seven-headed hydra
 19016 | D:12     | Reached XP level 12. HP: 15/94 MP: 19/19
 19832 | D:12     | Found a portal to a secret trove of treasure.
 19911 | D:13     | Noticed a two-headed ogre
 19921 | D:13     | Killed a two-headed ogre
 19940 | D:13     | Found a frozen archway.
 19963 | IceCv    | Entered an ice cave
 21645 | IceCv    | Engulfed by an ice statue's freezing vapour

Vault maps used:
D:1:      dpeg_arrival_windows_large_door
D:2:      lemuel_doored_altar, nicolae_ashenzari_panopticon
D:3:      minmay_item_behind_shaft, kennysheep_generic_room_11, uniq_robin
D:4:      corexii_shantytown, elyvilon_altar_5, lemuel_round_altar,
          nicolae_gozag_seed_capital
D:5:      old_standard_altar, kiku_gazebo_garden_becter, first_ration,
          kb_xom_exploding_sheep
D:6:      black_bear_nest_1, serial_shops, shop
D:7:      grunt_temple_overflow_cloverleaf, yredelemnul_altar_generic,
          minmay_temple_entry_statues, serial_shops, shop_statue
D:8:      david_nohive_1
D:9:      serial_shops, nicolae_shop_behind_doors, kennysheep_generic_room_7
D:10:     grunt_lair_entry_orc_guard_hut, st_stairs_11, minmay_three_doors
D:11:     orc_0_dummy, minmay_guarded_unrand_finisher
D:12:     nicolae_trove_entry_columns, nicolae_straight_to_the_point
D:13:     grunt_vaults_entry_tiered, portal_ice_cave_rime
Temple:   nicolae_temple_x_marks_the_god
IceCv:    ice_cave_caverns_01

Skill      XL: |  1  2  3  4  5  6  7  8  9 10 11 12 |
---------------+-------------------------------------+-----
Dodging        | 2 6 9 |  9.0
Conjurations   | 2 3 4 5 6 7 |  7.0
Spellcasting   | 3 4 5 |  5.0
Air Magic      | 4 3 4 5 |  5.0
Fighting       | 3 5 8 |  8.1
Polearms       | 4 9 12 14 | 14.0
Stealth        | |  1.7

Action                   |  1- 3 |  4- 6 |  7- 9 | 10-12 || total
-------------------------+-------+-------+-------+-------++-------
Melee: Dagger            |    36 |    28 |       |       ||    64
       Tailslap          |     6 |     3 |    15 |   120 ||   144
       Trident           |       |     1 |    90 |   980 ||  1071
 Cast: Shock             |    75 |   238 |   301 |   247 ||   861
Invok: Sacrifice Arcana  |       |       |       |     1 ||     1
       Sacrifice Essence |       |       |       |     1 ||     1
       Reject Sacrifices |       |       |       |     1 ||     1
  Use: Scroll            |       |    15 |     4 |    11 ||    30
       Potion            |       |       |       |     2 ||     2
 Stab: Sleeping          |       |       |       |    14 ||    14
       Distracted        |       |       |       |     5 ||     5
  Eat: Ration            |     1 |       |     2 |     4 ||     7
       Chunk             |     2 |    12 |    11 |    34 ||    59
Armor: Skin              |    22 |    43 |   113 |   306 ||   484
Dodge: Dodged            |    43 |    81 |   173 |   479 ||   776
       Rpst.: Falchion   |       |     2 |       |       ||     2

Table legend:
 A = Spawn XP
 B = Non-spawn XP
 C = Spawn XP percentage of total XP
 D = Spawn monster count
 E = Non-spawn monster count
 F = Spawn count percentage of total count
 G = Total turns spent on level
                    A         B        C        D         E        F      G
               +---------+---------+-------+---------+---------+-------+---------
         Total |       0 |   31675 |   0.0 |       0 |     412 |   0.0 | 21645
               +---------+---------+-------+---------+---------+-------+---------
           D:1 |       0 |      20 |   0.0 |       0 |      13 |   0.0 |  1122
           D:2 |       0 |     117 |   0.0 |       0 |      38 |   0.0 |  1856
           D:3 |       0 |      82 |   0.0 |       0 |      20 |   0.0 |   916
           D:4 |       0 |     427 |   0.0 |       0 |      55 |   0.0 |  2528
           D:5 |       0 |    1458 |   0.0 |       0 |      31 |   0.0 |  1951
           D:6 |       0 |     418 |   0.0 |       0 |       9 |   0.0 |  1203
           D:7 |       0 |    2226 |   0.0 |       0 |      38 |   0.0 |  3111
           D:8 |       0 |    2293 |   0.0 |       0 |      27 |   0.0 |  1031
           D:9 |       0 |    1580 |   0.0 |       0 |      30 |   0.0 |  1330
          D:10 |       0 |    4561 |   0.0 |       0 |      42 |   0.0 |  1830
          D:11 |       0 |    4292 |   0.0 |       0 |      33 |   0.0 |  1377
          D:12 |       0 |    5800 |   0.0 |       0 |      35 |   0.0 |  1595
          D:13 |       0 |    1528 |   0.0 |       0 |       4 |   0.0 |    52
         IceCv |       0 |    6873 |   0.0 |       0 |      37 |   0.0 |  1682
               +---------+---------+-------+---------+---------+-------+---------
